| TOP OF THE 1ST |
|
Washington (APP) Nationals batting - Pitching for Kingsport Mets : RHP Emanuel Anochondo
|
|
Pitching: RHP Emanuel Anochondo
|
|
|
Batting: RHB Billy Williamson
|
0-0: Ball 1-0: SOLO HOME RUN (Line Drive, 78XD, EV 113.8 MPH), Distance : 426 ft
|
|
Batting: RHB Jess Thomas
|
0-0: Fly out, F7 (Flyball, 78M, EV 84.4 MPH)
|
|
Batting: LHB Carlos Guadarrama
|
0-0: Ball 1-0: Ball 2-0: Called Strike 2-1: Foul Ball, location: 2F 2-2: Strikes out swinging, 2-3 out at first.
|
|
Batting: RHB Akira Ishihara
|
0-0: Called Strike 0-1: Ball 1-1: Called Strike 1-2: Strikes out swinging
|
| Top of the 1st over - 1 run, 1 hit, 0 errors, 0 left on base; Washington (APP) 1 - Kingsport 0 |
| BOTTOM OF THE 1ST |
|
Kingsport Mets batting - Pitching for Washington (APP) Nationals : RHP James Harewood
|
|
Pitching: RHP James Harewood
|
|
|
Batting: RHB Eric Zylstra
|
0-0: Ball 1-0: Ball 2-0: Ball 3-0: Called Strike 3-1: Base on Balls
|
|
Batting: SHB Josh Thomson
|
0-0: Fielders Choice at 2nd, 6-4 (Groundball, 56, EV 85.6 MPH)
|
|
Batting: RHB Juan Medina
|
0-0: Called Strike 0-1: Foul Ball, location: 2F 0-2: Foul Ball, location: 2F 0-2: Ball 1-2: Foul Ball, location: 2F 1-2: Ball 2-2: Foul Ball, location: 2F 2-2: Ball 3-2: Base on Balls Josh Thomson to second
|
|
Batting: RHB Dan Muse
|
0-0: Called Strike 0-1: Ball 1-1: Ball 2-1: Called Strike 2-2: Foul Ball, location: 2F 2-2: 3-RUN HOME RUN (Flyball, 7D, EV 98.1 MPH), Distance : 378 ft
|
|
Batting: RHB Chris Artz
|
0-0: Ball 1-0: Swinging Strike 1-1: SOLO HOME RUN (Flyball, 7LD, EV 91.9 MPH), Distance : 339 ft
|
|
Batting: RHB Warren Carmichael
|
0-0: Called Strike 0-1: Fly out, F8 (Flyball, 8RM, EV 91.2 MPH)
|
|
Batting: RHB Artyom Shavkunov
|
0-0: Foul Ball, location: 2F 0-1: SINGLE (Groundball, 34D, EV 107.5 MPH)
|
|
Batting: RHB Kyle Verkamp
|
0-0: Ball 1-0: Called Strike 1-1: Called Strike 1-2: Ball 2-2: Strikes out swinging
|
| Bottom of the 1st over - 4 runs, 3 hits, 0 errors, 1 left on base; Washington (APP) 1 - Kingsport 4 |
| TOP OF THE 2ND |
|
Washington (APP) Nationals batting - Pitching for Kingsport Mets : RHP Emanuel Anochondo
|
|
Batting: RHB Jason Curry
|
0-0: Ground out 4-3 (Groundball, 4, EV 108.1 MPH)
|
|
Batting: RHB Ryan Wright
|
0-0: Called Strike 0-1: Foul Ball, location: 2F 0-2: Ball 1-2: SINGLE (Groundball, 6M, EV 101.2 MPH)
|
|
Batting: LHB Emery Helm
|
0-0: Ball Ryan Wright steals 2nd base 1-0: Called Strike 1-1: Ball 2-1: Swinging Strike 2-2: Strikes out swinging
|
|
Batting: RHB Ben Lowe
|
0-0: Ball 1-0: Foul Ball, location: 2F 1-1: Ball 2-1: Foul Ball, location: 2F 2-2: SINGLE (Groundball, 56D, EV 105.6 MPH) Ryan Wright to third Throwing error, E7 Ryan Wright scores Ben Lowe to second
|
|
Batting: RHB Ivan Torres
|
0-0: Ball 1-0: Swinging Strike 1-1: Ball 2-1: Foul Ball, location: 2F 2-2: Strikes out swinging
|
| Top of the 2nd over - 1 run, 2 hits, 1 error, 1 left on base; Washington (APP) 2 - Kingsport 4 |
| BOTTOM OF THE 2ND |
|
Kingsport Mets batting - Pitching for Washington (APP) Nationals : RHP James Harewood
|
|
Batting: LHB Rick Vallis
|
0-0: Fly out, F9 (Flyball, 89M, EV 87.5 MPH)
|
|
Batting: RHB Eric Zylstra
|
0-0: Called Strike 0-1: Ball 1-1: Fly out, F7 (Flyball, 78M, EV 78.8 MPH)
|
|
Batting: SHB Josh Thomson
|
0-0: Foul Ball, location: 2F 0-1: Ball 1-1: Ball 2-1: SINGLE (Groundball, 56D, EV 108.1 MPH)
|
|
Batting: RHB Juan Medina
|
0-0: Fly out, F6 (Line Drive, 6, EV 70.0 MPH)
|
| Bottom of the 2nd over - 0 runs, 1 hit, 0 errors, 1 left on base; Washington (APP) 2 - Kingsport 4 |
| TOP OF THE 3RD |
|
Washington (APP) Nationals batting - Pitching for Kingsport Mets : RHP Emanuel Anochondo
|
|
Batting: RHB Billy Williamson
|
0-0: Foul Ball, location: 2F 0-1: Foul Ball, location: 2F 0-2: Strikes out swinging
|
|
Batting: RHB Jess Thomas
|
0-0: Swinging Strike 0-1: Ball 1-1: Foul Ball, location: 2F 1-2: Strikes out swinging
|
|
Batting: LHB Carlos Guadarrama
|
0-0: Called Strike 0-1: Swinging Strike 0-2: Foul Ball, location: 2F 0-2: SINGLE (Line Drive, 8RS, EV 104.4 MPH)
|
|
Batting: RHB Akira Ishihara
|
0-0: Ball 1-0: Ground out 4-3 (Groundball, 34D, EV 86.9 MPH)
|
| Top of the 3rd over - 0 runs, 1 hit, 0 errors, 1 left on base; Washington (APP) 2 - Kingsport 4 |
| BOTTOM OF THE 3RD |
|
Kingsport Mets batting - Pitching for Washington (APP) Nationals : RHP James Harewood
|
|
Batting: RHB Dan Muse
|
0-0: Ball 1-0: Ball 2-0: Ball 3-0: Base on Balls
|
|
Batting: RHB Chris Artz
|
0-0: Ball 1-0: Foul Ball, location: 2F 1-1: Ball 2-1: Called Strike 2-2: Grounds into double play, 6-4-3 (Groundball, 6S, EV 84.4 MPH)
|
|
Batting: RHB Warren Carmichael
|
0-0: Called Strike 0-1: Reached on error, E4 (Groundball, 4, EV 78.8 MPH)
|
|
Batting: RHB Artyom Shavkunov
|
0-0: Ball 1-0: Ball 2-0: DOUBLE (Groundball, 5L, EV 101.2 MPH) Warren Carmichael scores
|
|
Pitching: RHP Jose Ortiz
|
|
|
Batting: RHB Kyle Verkamp
|
0-0: Swinging Strike 0-1: Called Strike 0-2: Foul Ball, location: 2F 0-2: Fly out, F8 (Flyball, 8RM, EV 77.5 MPH)
|
| Bottom of the 3rd over - 1 run, 1 hit, 1 error, 1 left on base; Washington (APP) 2 - Kingsport 5 |
| TOP OF THE 4TH |
|
Washington (APP) Nationals batting - Pitching for Kingsport Mets : RHP Emanuel Anochondo
|
|
Batting: RHB Jason Curry
|
0-0: Swinging Strike 0-1: Swinging Strike 0-2: Ball 1-2: Ball 2-2: Strikes out swinging
|
|
Batting: RHB Ryan Wright
|
0-0: Foul Ball, location: 2F 0-1: Ball 1-1: SINGLE (Groundball, 56, EV 95.6 MPH)
|
|
Batting: LHB Emery Helm
|
0-0: Ball 1-0: Ball 2-0: Called Strike 2-1: Ball 3-1: Base on Balls Ryan Wright to second
|
|
Batting: RHB Ben Lowe
|
0-0: Ball 1-0: Called Strike 1-1: Ball 2-1: Swinging Strike 2-2: Foul Ball, location: 2F 2-2: Strikes out swinging
|
|
Batting: RHB Ivan Torres
|
0-0: Ball 1-0: SINGLE (Groundball, 25, EV 70.0 MPH) (infield hit) Ryan Wright to third Emery Helm to second
|
|
Batting: RHB Billy Williamson
|
0-0: Swinging Strike 0-1: Ball 1-1: Called Strike 1-2: Fly out, F9 (Flyball, 89S, EV 79.4 MPH)
|
| Top of the 4th over - 0 runs, 2 hits, 0 errors, 3 left on base; Washington (APP) 2 - Kingsport 5 |
| BOTTOM OF THE 4TH |
|
Kingsport Mets batting - Pitching for Washington (APP) Nationals : RHP Jose Ortiz
|
|
Batting: LHB Rick Vallis
|
0-0: Ground out 1-3 (Groundball, 34S, EV 72.5 MPH)
|
|
Batting: RHB Eric Zylstra
|
0-0: Called Strike 0-1: Called Strike 0-2: Strikes out swinging
|
|
Batting: SHB Josh Thomson
|
0-0: Ball 1-0: Ball 2-0: Ball 3-0: Base on Balls
|
|
Batting: RHB Juan Medina
|
0-0: Called Strike 0-1: Ball 1-1: Ball 2-1: Ball 3-1: Called Strike 3-2: Base on Balls Josh Thomson to second
|
|
Batting: RHB Dan Muse
|
0-0: 3-RUN HOME RUN (Flyball, 7LD, EV 92.5 MPH), Distance : 355 ft
|
|
Pitching: RHP Yorinobu Matsumoto
|
|
|
Batting: RHB Chris Artz
|
0-0: Ball 1-0: Called Strike 1-1: Foul Ball, location: 2F 1-2: Foul Ball, location: 2F 1-2: Ball 2-2: Ground out 6-3 (Groundball, 6, EV 108.1 MPH)
|
| Bottom of the 4th over - 3 runs, 1 hit, 0 errors, 0 left on base; Washington (APP) 2 - Kingsport 8 |
| TOP OF THE 5TH |
|
Washington (APP) Nationals batting - Pitching for Kingsport Mets : RHP Emanuel Anochondo
|
|
Batting: RHB Jess Thomas
|
0-0: Called Strike 0-1: Called Strike 0-2: Strikes out looking
|
|
Batting: LHB Carlos Guadarrama
|
0-0: Ball 1-0: Swinging Strike 1-1: Ball 2-1: Swinging Strike 2-2: SINGLE (Flyball, 89M, EV 93.8 MPH)
|
|
Batting: RHB Akira Ishihara
|
0-0: Ball 1-0: Swinging Strike Carlos Guadarrama is caught stealing 2nd base 2-4 1-1: Swinging Strike 1-2: Strikes out swinging, 2-3 out at first.
|
| Top of the 5th over - 0 runs, 1 hit, 0 errors, 0 left on base; Washington (APP) 2 - Kingsport 8 |
| BOTTOM OF THE 5TH |
|
Kingsport Mets batting - Pitching for Washington (APP) Nationals : RHP Yorinobu Matsumoto
|
|
Batting: RHB Warren Carmichael
|
0-0: Ball 1-0: SINGLE (Groundball, 34D, EV 103.1 MPH)
|
|
Batting: RHB Artyom Shavkunov
|
0-0: Ball 1-0: Foul Ball, location: 2F 1-1: Fly out, F8 (Flyball, 8RD, EV 101.2 MPH)
|
|
Batting: RHB Kyle Verkamp
|
0-0: Foul Ball, location: 2F 0-1: Ball 1-1: Ball 2-1: Foul Ball, location: 2F 2-2: Ball 3-2: DOUBLE (Groundball, 5L, EV 101.2 MPH) Warren Carmichael to third
|
|
Batting: LHB Rick Vallis
|
0-0: Called Strike 0-1: Foul Ball, location: 2F 0-2: Foul Ball, location: 2F 0-2: Ball 1-2: Ball 2-2: Strikes out swinging
|
|
Batting: RHB Eric Zylstra
|
0-0: Ball 1-0: Foul Ball, location: 2F 1-1: Ball 2-1: Foul Ball, location: 2F 2-2: Ball 3-2: Base on Balls
|
|
Batting: SHB Josh Thomson
|
0-0: Ball 1-0: Ground out 3-1 (Groundball, 34S, EV 86.9 MPH)
|
| Bottom of the 5th over - 0 runs, 2 hits, 0 errors, 3 left on base; Washington (APP) 2 - Kingsport 8 |
| TOP OF THE 6TH |
|
Washington (APP) Nationals batting - Pitching for Kingsport Mets : RHP Emanuel Anochondo
|
|
Pitching: LHP Antonio Davila
|
|
|
Batting: RHB Jason Curry
|
0-0: Swinging Strike 0-1: Hit by Pitch
|
|
Batting: RHB Ryan Wright
|
0-0: Ball 1-0: Foul Ball, location: 2F 1-1: Swinging Strike 1-2: Ball 2-2: Ball 3-2: Fielders Choice at 2nd, 6-4 (Groundball, 6, EV 106.9 MPH)
|
|
Batting: LHB Emery Helm
|
0-0: Ball 1-0: Foul Ball, location: 2F 1-1: Ball 2-1: 2-RUN HOME RUN (Flyball, 9D, EV 98.8 MPH), Distance : 374 ft
|
|
Batting: RHB Ben Lowe
|
0-0: Ball 1-0: Ball 2-0: Ball 3-0: Base on Balls
|
|
Batting: RHB Ivan Torres
|
0-0: Ball 1-0: Foul Ball, location: 2F 1-1: Ball 2-1: Ball 3-1: Called Strike 3-2: Grounds into double play, 6-4-3 (Groundball, 6, EV 83.8 MPH)
|
| Top of the 6th over - 2 runs, 1 hit, 0 errors, 0 left on base; Washington (APP) 4 - Kingsport 8 |
| BOTTOM OF THE 6TH |
|
Kingsport Mets batting - Pitching for Washington (APP) Nationals : RHP Yorinobu Matsumoto
|
|
Batting: RHB Juan Medina
|
0-0: Ball 1-0: Foul Ball, location: 2F 1-1: Ball 2-1: Swinging Strike 2-2: SOLO HOME RUN (Flyball, 78XD, EV 108.8 MPH), Distance : 419 ft
|
|
Batting: RHB Dan Muse
|
0-0: Ball 1-0: Ball 2-0: Called Strike 2-1: Foul Ball, location: 2F 2-2: Ball 3-2: Reached on error, E6 (Groundball, 56, EV 81.9 MPH)
|
|
Batting: RHB Chris Artz
|
0-0: Ball 1-0: Called Strike Dan Muse steals 2nd base 1-1: Ball 2-1: Called Strike 2-2: Ground out 6-3 (Groundball, 6, EV 88.1 MPH) Dan Muse to third
|
|
Pitching: RHP Cody Hadden
|
|
|
Batting: RHB Warren Carmichael
|
0-0: Ball 1-0: Ball 2-0: Ball 3-0: Called Strike 3-1: Called Strike 3-2: Base on Balls
|
|
Batting: RHB Artyom Shavkunov
|
0-0: Ball 1-0: Foul Ball, location: 2F 1-1: SINGLE (Groundball, 34D, EV 108.1 MPH) Dan Muse scores Warren Carmichael to second Runner from 2nd tries for 3rd, SAFE, throw by RF made to third Artyom Shavkunov to second
|
|
Batting: RHB Kyle Verkamp
|
0-0: Called Strike 0-1: Swinging Strike 0-2: SINGLE (Groundball, 56D, EV 95.6 MPH) Warren Carmichael scores Artyom Shavkunov to third
|
|
Batting: LHB Rick Vallis
|
0-0: Called Strike 0-1: Foul Ball, location: 2F 0-2: Ball 1-2: Strikes out swinging
|
|
Batting: RHB Eric Zylstra
|
0-0: Called Strike 0-1: Ball 1-1: Ball 2-1: Fly out, F9 (Flyball, 9, EV 80.6 MPH)
|
| Bottom of the 6th over - 3 runs, 3 hits, 1 error, 2 left on base; Washington (APP) 4 - Kingsport 11 |
| TOP OF THE 7TH |
|
Washington (APP) Nationals batting - Pitching for Kingsport Mets : LHP Antonio Davila
|
|
Batting: RHB Billy Williamson
|
0-0: Ball 1-0: Ball 2-0: Called Strike 2-1: Fly out, F7 (Flyball, 7, EV 81.2 MPH)
|
|
Batting: RHB Jess Thomas
|
0-0: Called Strike 0-1: Foul Ball, location: 2F 0-2: Strikes out swinging
|
|
Batting: LHB Carlos Guadarrama
|
0-0: Called Strike 0-1: Ball 1-1: Ground out 4-3 (Groundball, 4, EV 105.6 MPH)
|
| Top of the 7th over - 0 runs, 0 hits, 0 errors, 0 left on base; Washington (APP) 4 - Kingsport 11 |
| BOTTOM OF THE 7TH |
|
Kingsport Mets batting - Pitching for Washington (APP) Nationals : RHP Cody Hadden
|
|
Batting: SHB Josh Thomson
|
0-0: Ball 1-0: Ball 2-0: Ball 3-0: Called Strike 3-1: Called Strike 3-2: Strikes out swinging
|
|
Batting: RHB Juan Medina
|
0-0: Called Strike 0-1: Ball 1-1: Foul Ball, location: 2F 1-2: Fly out, F9 (Line Drive, 9S, EV 91.9 MPH)
|
|
Batting: RHB Dan Muse
|
0-0: Called Strike 0-1: Swinging Strike 0-2: Foul Ball, location: 2F 0-2: Foul Ball, location: 2F 0-2: Ball 1-2: Foul Ball, location: 2F 1-2: Foul Ball, location: 2F 1-2: Ball 2-2: SOLO HOME RUN (Flyball, 89XD, EV 101.2 MPH), Distance : 394 ft
|
|
Pinch Hitting: RHB Isaiah Heath
|
0-0: Ball 1-0: Ground out 5-3 (Groundball, 56S, EV 93.1 MPH)
|
| Bottom of the 7th over - 1 run, 1 hit, 0 errors, 0 left on base; Washington (APP) 4 - Kingsport 12 |
| TOP OF THE 8TH |
|
Washington (APP) Nationals batting - Pitching for Kingsport Mets : LHP Antonio Davila
|
|
Now in LF: Isaiah Heath
|
|
|
Batting: RHB Akira Ishihara
|
0-0: Swinging Strike 0-1: Foul Ball, location: 2F 0-2: DOUBLE (Line Drive, 9LS, EV 96.9 MPH)
|
|
Pitching: LHP Ronnie Stoll
|
|
|
Batting: RHB Jason Curry
|
0-0: Foul Ball, location: 2F 0-1: Swinging Strike 0-2: Ball 1-2: Strikes out looking
|
|
Batting: RHB Ryan Wright
|
0-0: Reached on error, E6 (Groundball, 6, EV 108.8 MPH) Akira Ishihara scores
|
|
Batting: LHB Emery Helm
|
0-0: Swinging Strike 0-1: Swinging Strike 0-2: Hit by Pitch
|
|
Batting: RHB Ben Lowe
|
0-0: Ball 1-0: Foul Ball, location: 2F 1-1: Ball 2-1: Called Strike 2-2: Strikes out swinging
|
|
Batting: RHB Ivan Torres
|
0-0: Foul Ball, location: 2F 0-1: Called Strike 0-2: Ground out 6-3 (Groundball, 6M, EV 103.8 MPH)
|
| Top of the 8th over - 1 run, 1 hit, 1 error, 2 left on base; Washington (APP) 5 - Kingsport 12 |
| BOTTOM OF THE 8TH |
|
Kingsport Mets batting - Pitching for Washington (APP) Nationals : RHP Cody Hadden
|
|
Pitching: RHP Kareem Linz
|
|
|
Batting: RHB Warren Carmichael
|
0-0: Foul Ball, location: 2F 0-1: Ball 1-1: Ball 2-1: Ball 3-1: Called Strike 3-2: DOUBLE (Line Drive, 9LM, EV 96.9 MPH)
|
|
Pinch Hitting: RHB Danny Runberg
|
0-0: Ball Wild Pitch! Warren Carmichael to third 1-0: Foul Ball, location: 2F 1-1: SINGLE (Groundball, 6D, EV 96.2 MPH) Warren Carmichael scores
|
|
Batting: RHB Kyle Verkamp
|
0-0: Ball 1-0: SINGLE (Groundball, 15S, EV 66.9 MPH) (infield hit) Danny Runberg to second
|
|
Batting: LHB Rick Vallis
|
0-0: Ball 1-0: Ball 2-0: 3-RUN HOME RUN (Flyball, 7LD, EV 94.4 MPH), Distance : 347 ft
|
|
Pitching: RHP John Husson
|
|
|
Batting: RHB Eric Zylstra
|
0-0: Ball 1-0: SINGLE (Groundball, 6MD, EV 98.1 MPH)
|
|
Batting: SHB Josh Thomson
|
0-0: Foul Ball, location: 2F 0-1: SINGLE (Line Drive, 6MD, EV 98.1 MPH) Eric Zylstra to second
|
|
Batting: RHB Juan Medina
|
0-0: Called Strike 0-1: Ball 1-1: Called Strike 1-2: Foul Ball, location: 2F 1-2: TRIPLE (Flyball, 89XD, EV 101.9 MPH) Eric Zylstra scores Josh Thomson scores
|
|
Batting: RHB Dan Muse
|
0-0: SINGLE (Groundball, 5S, EV 65.6 MPH) (infield hit) Juan Medina scores
|
|
Batting: RHB Isaiah Heath
|
0-0: Ball 1-0: Ball 2-0: Swinging Strike 2-1: Fielders Choice at 2nd, 4-6 (Groundball, 4, EV 108.8 MPH)
|
|
Batting: RHB Warren Carmichael
|
0-0: Called Strike 0-1: Ball 1-1: Swinging Strike 1-2: Foul Ball, location: 2F 1-2: Ball 2-2: SINGLE (Line Drive, 89S, EV 105.0 MPH) Isaiah Heath to second
|
|
Batting: RHB Danny Runberg
|
0-0: DOUBLE (Line Drive, 9LS, EV 94.4 MPH) Isaiah Heath scores Warren Carmichael to third Runner from 3rd tries for Home, throw by RF and OUT! 9-4-2 Danny Runberg to third
|
|
Pitching: RHP Nate Vandergriff
|
|
|
Batting: RHB Kyle Verkamp
|
0-0: Called Strike 0-1: Ball 1-1: Foul Ball, location: 2F 1-2: Ball 2-2: Ball 3-2: Fly out, F8 (Flyball, 8LS, EV 91.9 MPH)
|
| Bottom of the 8th over - 8 runs, 10 hits, 0 errors, 1 left on base; Washington (APP) 5 - Kingsport 20 |
| TOP OF THE 9TH |
|
Washington (APP) Nationals batting - Pitching for Kingsport Mets : LHP Ronnie Stoll
|
|
Now at 1B: Danny Runberg
|
|
|
Batting: RHB Billy Williamson
|
0-0: Called Strike 0-1: SINGLE (Flyball, 8RM, EV 93.1 MPH)
|
|
Batting: RHB Jess Thomas
|
0-0: Ball 1-0: Fly out, F9 (Flyball, 9LSF, EV 86.2 MPH)
|
|
Batting: LHB Carlos Guadarrama
|
0-0: Foul Ball, location: 2F 0-1: Called Strike 0-2: Ball 1-2: Ball 2-2: Ball 3-2: Foul Ball, location: 2F 3-2: Strikes out swinging
|
|
Batting: RHB Akira Ishihara
|
0-0: Called Strike 0-1: Ball 1-1: Ball Wild Pitch! Billy Williamson to second 2-1: Foul Ball, location: 2F 2-2: Strikes out swinging
|
| Top of the 9th over - 0 runs, 1 hit, 0 errors, 1 left on base; Washington (APP) 5 - Kingsport 20 |
|